 Seeded DCSS version 0.26-a0-818-g75db068ed4 (webtiles) character file.

Game seed: 9159860647955490135 (custom seed)

9609 sahdkjhfkaj the Carver (level 11, -13/84 HPs)
             Began as a Human Fighter on Nov 15, 2020.
             Was an Elder of Elyvilon.
             Mangled by a komodo dragon (17 damage)
             ... on level 8 of the Dungeon.
             The game lasted 00:34:44 (14914 turns).

sahdkjhfkaj the Carver (Human Fighter)             Turns: 14914, Time: 00:34:45

Health: -13/84     AC: 16    Str: 17    XL:     11   Next: 77%
Magic:  15/15      EV:  9    Int:  8    God:    Elyvilon [****..]
Gold:   812        SH: 10    Dex: 15    Spells: 10/10 levels left

rFire    + . .     SeeInvis .   a - +1 scimitar
rCold    . . .     Faith    +   c - +0 kite shield
rNeg     + . .     Spirit   .   t - +2 chain mail {rN+}
rPois    .         Reflect  .   (helmet restricted)
rElec    +         Harm     .   (no cloak)
rCorr    +         Rampage  .   i - +1 pair of gloves
MR       .....                  y - +0 pair of boots of Qyequc {rElec rF+ rCorr Str-3}
Stlth    ..........             h - amulet of faith
HPRegen  0.24/turn              (no ring)
MPRegen  0.14/turn              (no ring)

@: no status effects
A: hooves 1, horns 1, agile 1
a: Lesser Healing, Heal Other, Purification, Greater Healing, Divine Protection,
Renounce Religion


You were on level 8 of the Dungeon.
You worshipped Elyvilon.
Elyvilon was greatly pleased with you.
You visited 3 branches of the dungeon, and saw 12 of its levels.

You collected 812 gold pieces.

Inventory:

Hand Weapons
 a - a +1 scimitar (weapon)
Armour
 c - a +0 kite shield (worn)
 i - a +1 pair of gloves (worn)
 t - a +2 chain mail of positive energy (worn)
 y - the +0 pair of boots of Qyequc (worn) {rElec rF+ rCorr Str-3}
   (You found it on level 9 of the Dungeon)

   It affects your strength (-3).
   It protects you from fire.
   It insulates you from electricity.
   It provides partial protection from all sources of acid and corrosion.
Jewellery
 g - a cursed ring of attention {unknown}
 h - an amulet of faith (around neck)
 n - an uncursed ring of magical power {unknown}
 B - a +6 ring of strength {unknown}
 D - an uncursed ring of wizardry {unknown}
Wands
 e - a wand of disintegration (7)
 m - a wand of flame (34)
 o - a wand of enslavement (10)
 u - a wand of iceblast (13)
Scrolls
 b - 3 scrolls of enchant armour {!r, unknown}
 j - 2 scrolls of enchant weapon {!r}
 l - a scroll of remove curse {!r}
 q - 3 scrolls of amnesia {!r}
 v - a scroll of magic mapping {!r}
Potions
 d - a potion of might {!q}
 k - 2 potions of degeneration {!q, unknown}
 p - 5 potions of flight {!q}
 r - 2 potions of invisibility {!q, unknown}
 s - 4 potions of ambrosia {!q, unknown}
 w - 2 potions of haste {!q, unknown}
 x - 2 potions of attraction {!q, unknown}
 z - 2 potions of mutation {!q}
 A - 2 potions of resistance {!q, unknown}
 C - a potion of heal wounds {!q}


   Skills:
 - Level 7.0 Fighting
 + Level 9.1 Long Blades
 - Level 7.0 Armour
 - Level 7.0 Dodging
 - Level 7.0 Shields
 - Level 6.0 Invocations
 - Level 6.0 Evocations


You had 10 spell levels left.
You didn't know any spells.
Your spell library contained the following spells:

 Spells                   Type           Power        Failure   Level
 Animate Skeleton         Necr           #.....       100%        1
 Apportation              Tloc           #.....       100%        1
 Beastly Appendage        Tmut           #.....       100%        1
 Corona                   Hex            #......      100%        1
 Foxfire                  Conj/Fire      #...         100%        1
 Sting                    Tmut/Pois      #...         100%        1
 Summon Small Mammal      Summ           #...         100%        1
 Ensorcelled Hibernation  Hex/Ice        #.....       100%        2
 Poisonous Vapours        Pois/Air       #.....       100%        2
 Wereblood                Tmut           #.......     100%        2
 Confusing Touch          Hex            #.......     100%        3
 Conjure Flame            Conj/Fire      #.......     100%        3
 Dazzling Flash           Conj/Hex       #.....       100%        3
 Gell's Gravitas          Tloc           #.........   100%        3
 Ignite Poison            Fire/Tmut/Pois #.......     100%        3
 Inner Flame              Hex/Fire       #.......     100%        3
 Mephitic Cloud           Conj/Pois/Air  #.......     100%        3
 Spider Form              Tmut/Pois      #.........   100%        3
 Tukima's Dance           Hex            #.......     100%        3
 Ice Form                 Ice/Tmut       #.......     100%        4
 Olgreb's Toxic Radiance  Pois           #.......     100%        4
 Petrify                  Tmut/Erth      #.......     100%        4
 Sticky Flame             Conj/Fire      #.......     100%        4
 Blade Hands              Tmut           #.........   100%        5
 Fireball                 Conj/Fire      #.........   100%        5
 Metabolic Englaciation   Hex/Ice        #.........   100%        5
 Yara's Violent Unravell  Hex/Tmut       #.........   100%        5


Dungeon Overview and Level Annotations

Branches:
Dungeon (10/15)            Temple (1/1) D:4            Lair (1/6) D:8
    Orc: D:9-12

Altars:
Ashenzari
Cheibriados
Dithmenos
Elyvilon
Fedhas
Gozag
Hepliaklqana
Kikubaaqudgha
Makhleb
Nemelex Xobeh
Okawaru
Qazlal
Ru
Sif Muna
Trog
Uskayaw
Vehumet
Wu Jian
Xom
Yredelemnul
Zin
The Shining One

Shops:
D:5 [**   D:8 (   D:10 ?

Annotations:
D:4 exclusion: 2 goblins
D:5 ogre, DarkMailMan's ghost, novice DrTm


Innate Abilities, Weirdness & Mutations

You have large cloven feet.
You have a pair of small horns on your head.
You are agile. (Dex +2)


Message History

You barely miss the komodo dragon. You block the komodo dragon's attack.
You barely miss the komodo dragon. Your headbutt misses the komodo dragon.
The komodo dragon bites you!!
You hit the komodo dragon.
The komodo dragon is lightly wounded.
The komodo dragon bites you!
* * * LOW HITPOINT WARNING * * *
You slash the komodo dragon! You headbutt the komodo dragon.
The komodo dragon is heavily wounded.
The komodo dragon bites you!
* * * LOW HITPOINT WARNING * * *
You slash the komodo dragon!
The komodo dragon is severely wounded.
The komodo dragon bites you!!
* * * LOW HITPOINT WARNING * * *
You hit the komodo dragon but do no damage.
Your headbutt misses the komodo dragon.
The komodo dragon is severely wounded.
The komodo dragon bites you!
You die...

##### ### #### # #...# #@##
####..###### #.##### ##l##
#..#.###.... ####...#.#
#...#####........#
#..'###..###...#...........##
##.###.#.............#.#####
#.###.............##.####.#
###.#...#....#...####....##
#.[..#...##..###.##.###..#
############.# ###### #.(#


You could see a komodo dragon.

Vanquished Creatures
  A two-headed ogre (D:8)
  A black mamba (Lair:1)
  Joseph (D:7)
  A centaur skeleton (D:10)
  3 cane toads (Lair:1)
  2 komodo dragons
  A troll (D:9)
  3 wyverns (D:8)
  9 yaks
  A vampire (D:10)
  2 basilisks (D:8)
  2 water moccasins
  3 orc warriors
  6 black bears
  4 ice beasts
  3 ogres
  A phantom (D:9)
  4 wolves (D:8)
  A centaur (D:10)
  3 bullfrogs
  4 scorpions
  8 wights
  4 howler monkeys
  A centaur zombie (D:10)
  4 hounds
  4 orc priests (D:7)
  A jelly (D:8)
  4 orc wizards
  2 bullfrog skeletons
  6 iguanas
  Ijyb (D:4)
  5 worker ants
  3 hell rats
  A hound skeleton (D:10)
  A worker ant zombie (D:9)
  Robin (D:2)
  7 gnolls
  2 river rats (Lair:1)
  11 adders
  A shadow imp (D:7)
  2 white imps
  An ufetubus (D:6)
  An adder skeleton (D:5)
  5 worms
  3 dart slugs
  4 leopard geckos
  21 orcs
  4 giant cockroaches
  21 goblins
  4 hobgoblins
  19 jackals
  7 quokkas
  2 ball pythons
  5 bats
  4 frilled lizards
  5 kobolds
  6 rats
237 creatures vanquished.

Vanquished Creatures (collateral kills)
  A steam dragon (D:8)
1 creature vanquished.

Vanquished Creatures (others)
  12 plants
12 creatures vanquished.

Grand Total: 250 creatures vanquished

Notes
Turn   | Place    | Note
-------+----------+-------------------------------------------
     0 | D:1      | sahdkjhfkaj the Human Fighter began the quest for the Orb.
     0 | D:1      | Reached XP level 1. HP: 18/18 MP: 1/1
    52 | D:1      | Reached skill level 1 in Dodging
   261 | D:1      | Reached XP level 2. HP: 20/24 MP: 2/2
   766 | D:2      | Reached skill level 3 in Long Blades
   766 | D:2      | Reached XP level 3. HP: 29/29 MP: 3/3
   811 | D:2      | Noticed Robin
   867 | D:2      | Killed Robin
   868 | D:2      | Reached XP level 4. HP: 22/35 MP: 4/4
  1592 | D:4      | Reached skill level 1 in Evocations
  1592 | D:4      | Reached skill level 4 in Long Blades
  1592 | D:4      | Reached XP level 5. HP: 41/41 MP: 5/5
  1712 | D:4      | Found an iron altar of Okawaru.
  1834 | D:4      | Found a staircase to the Ecumenical Temple.
  1956 | Temple   | Entered the Ecumenical Temple
  2126 | Temple   | Became a worshipper of Elyvilon the Healer
  2365 | D:4      | Noticed Ijyb
  2371 | D:4      | Killed Ijyb
  2372 | D:4      | Reached XP level 6. HP: 45/47 MP: 6/6
  3269 | D:5      | Entered Level 5 of the Dungeon
  3311 | D:3      | Reached skill level 1 in Invocations
  3404 | D:3      | Reached * piety under Elyvilon
  4607 | D:3      | Found a shimmering altar of Xom.
  4677 | D:5      | Reached XP level 7. HP: 37/54 MP: 8/8
  4948 | D:5      | Reached ** piety under Elyvilon
  4973 | D:5      | Found a burning altar of Makhleb.
  5357 | D:5      | Found Ohuy's Assorted Antiques.
  5419 | D:5      | Found Rosamicuf's Antique Armour Emporium.
  5453 | D:5      | Found Giuthrolu's General Store.
  5551 | D:5      | Found a runed translucent gate.
  5552 | D:5      | Found a runed translucent gate.
  5553 | D:5      | Found an opulent altar of Gozag.
  5553 | D:5      | Found a runed translucent gate.
  5565 | D:5      | Noticed DarkMailMan's ghost (novice DrTm)
  5567 | D:5      | Reached *** piety under Elyvilon
  6415 | D:6      | Reached skill level 5 in Long Blades
  6444 | D:6      | Reached XP level 8. HP: 40/60 MP: 9/9
  6846 | D:6      | Gained mutation: You have large cloven feet. [potion of
                  | mutation]
  6846 | D:6      | Gained mutation: You possess an exceptional clarity of
                  | mind. [potion of mutation]
  6846 | D:6      | Gained mutation: You are frail. (-10% HP) [potion of
                  | mutation]
  6846 | D:6      | Gained mutation: You are agile. (Dex +2) [potion of
                  | mutation]
  6848 | D:6      | HP: 2/81 [orc warrior/cursed +0 battleaxe (8)]
  7112 | D:6      | Lost mutation: You are frail. (-10% HP) [potion of
                  | mutation]
  7112 | D:6      | Lost mutation: You are agile. (Dex +2) [potion of mutation]
  7112 | D:6      | Lost mutation: You possess an exceptional clarity of mind.
                  | [potion of mutation]
  7112 | D:6      | Gained mutation: You have a pair of small horns on your
                  | head. [potion of mutation]
  7112 | D:6      | Gained mutation: You are agile. (Dex +2) [potion of
                  | mutation]
  7532 | D:7      | Reached **** piety under Elyvilon
  7544 | D:7      | Noticed Joseph
  7573 | D:7      | Killed Joseph
  7574 | D:7      | Reached skill level 7 in Long Blades
  7574 | D:7      | Reached XP level 9. HP: 56/65 MP: 11/11
  8059 | D:7      | Found a glowing golden altar of the Shining One.
  8312 | D:8      | Reached skill level 5 in Armour
  8530 | D:8      | Noticed a two-headed ogre
  8537 | D:8      | Killed a two-headed ogre
  8538 | D:8      | Reached skill level 5 in Fighting
  8538 | D:8      | Reached skill level 5 in Shields
  8538 | D:8      | Reached skill level 5 in Dodging
  8774 | D:8      | Found Goozuirgh's Weapon Emporium.
  8993 | D:8      | Reached ***** piety under Elyvilon
  9144 | D:8      | Reached skill level 8 in Long Blades
  9144 | D:8      | Reached XP level 10. HP: 50/74 MP: 13/13
  9182 | D:8      | Reached skill level 5 in Evocations
  9202 | D:8      | Reached skill level 5 in Invocations
  9358 | D:8      | Found a staircase to the Lair.
  9540 | D:9      | Got a pair of heavily runed boots
  9568 | D:8      | Identified the cursed +0 pair of boots of Qyequc {rElec rF+
                  | rCorr Str-3} (You found it on level 9 of the Dungeon)
 10270 | D:9      | Found a sacrificial altar of Ru.
 10274 | D:9      | Found an iron altar of Okawaru.
 10548 | D:9      | Found a basalt altar of Yredelemnul.
 10550 | D:9      | Found a glowing silver altar of Zin.
 10778 | D:10     | Entered Level 10 of the Dungeon
 11609 | D:10     | Reached skill level 9 in Long Blades
 11609 | D:10     | Reached XP level 11. HP: 58/81 MP: 14/14
 12075 | D:10     | Found Qiciwkori's Magic Scroll Shop.
 12618 | Lair:1   | Entered Level 1 of the Lair of Beasts
 14913 | D:8      | HP: 4/84 [komodo dragon (23)]
 14914 | D:8      | Mangled by a komodo dragon

Illustrated notes

Levels and vault maps discovered:
D:1:      psy_arrival_dodecagon, layout_basic, wad_floor_pattern_2,
          chequers_garden, minmay_heptomino_h4
D:2:      wad_lake_hut, layout_loops_cross, minmay_misc_feat_tower, uniq_robin
D:3:      layout_loops_cross, marbit_many_paths
D:4:      kennysheep_goblin_castle, layout_basic, minmay_temple_entry_ruins,
          kennysheep_okawaru_gauntlet
D:5:      layout_basic, serial_shops, kennysheep_mini, kennysheep_mini_moat,
          shop, ebering_ghost_gozag, serial_corexii_hall,
          chequers_hall_statues_corner_a, corexii_hall_statues_t,
          corexii_hall_statues_l, bloody_makhleb
D:6:      layout_basic
D:7:      layout_loops_ring, nicolae_tso_swordbearing_angel, uniq_joseph
D:8:      layout_rooms, erik_lair_dragon, serial_shops, shop,
          nrook_loot_triangle
D:9:      layout_long_grid, nicolae_overflow_hidden_temple
D:10:     kennysheep_six_static_rooms, layout_irregular_city,
          serial_column_ruins, column_ruins_hut_pillars,
          column_ruins_open_small, column_ruins_open_small_water,
          column_ruins_grid_1, column_ruins_grid_1, column_ruins_grid_1,
          column_ruins_open_tiny, column_ruins_columns_T, serial_shops,
          nicolae_shop_statue_plus, minmay_circle_x
Temple:   bh_familiar_temple
Lair:1:   lemuel_ratsnest, layout_cave_pods, serial_rivers,
          chequers_serial_rivers_micro_b, chequers_serial_rivers_small_a,
          chequers_serial_rivers_micro_d, chequers_serial_rivers_large_b,
          chequers_serial_rivers_micro_a, grunt_megastairs_5,
          lemuel_fruit_fields

Skill      XL: |  1  2  3  4  5  6  7  8  9 10 11 |
---------------+----------------------------------+-----
Dodging        | 1 2 3 4 5 6 7 |  7.0
Long Blades    | 3 4 5 7 8 9 |  9.1
Evocations     | 1 2 3 4 5 6 |  6.0
Armour         | 4 5 6 7 |  7.0
Invocations    | 2 3 4 5 6 |  6.0
Fighting       | 4 5 6 7 |  7.0
Shields        | 4 5 6 7 |  7.0

Action                   |  1- 3 |  4- 6 |  7- 9 | 10-12 || total
-------------------------+-------+-------+-------+-------++-------
Melee: Long sword        |    85 |   291 |   115 |       ||   491
       Falchion          |       |       |   143 |   242 ||   385
       Unarmed           |       |       |    19 |     8 ||    27
       Kick              |       |       |    37 |    17 ||    54
       Headbutt          |       |       |    22 |   149 ||   171
       Scimitar          |       |       |       |   329 ||   329
Throw: Throwing net      |       |       |       |     1 ||     1
Invok: Greater Healing   |       |       |       |     6 ||     6
       Purification      |       |       |       |     3 ||     3
       Lesser Healing    |       |       |       |     1 ||     1
Evoke: Wand              |       |     2 |    13 |       ||    15
  Use: Scroll            |     2 |     6 |     4 |     2 ||    14
       Potion            |       |     1 |    10 |     1 ||    12
 Stab: Petrified         |       |       |       |     2 ||     2
Armor: Scale mail        |    37 |    37 |    41 |       ||   115
       Chain mail        |       |   155 |    25 |   260 ||   440
       Skin              |       |       |    20 |    20 ||    40
Dodge: Dodged            |    29 |   102 |    64 |   182 ||   377
Block: Kite shield       |    39 |   176 |   157 |   332 ||   704
       Rpst.: Long sword |    12 |    36 |    18 |       ||    66
       Falchion          |       |       |     8 |    13 ||    21
       Scimitar          |       |       |       |    33 ||    33

Table legend: (Time is in decaauts)
 A = Elapsed time spent in this place.
 B = Non-inter-level travel time spent in this place.
 C = Inter-level travel time spent in this place.
 D = Time resting spent in this place.
 E = Time spent auto-exploring this place.
 F = Levels seen in this place.
 G = Mean time per level.
                   A        B        C        D        E       F      G
               +--------+--------+--------+--------+--------+-----+--------+
         Total |  15123 |  14528 |    595 |   2577 |   9126 |  12 | 1260.2 |
       Dungeon |  13897 |  13349 |    548 |   2124 |   8615 |  10 | 1389.7 |
        Temple |    199 |    152 |     47 |      0 |    150 |   1 |  199.0 |
          Lair |   1025 |   1025 |      0 |    453 |    361 |   1 | 1025.0 |
               +--------+--------+--------+--------+--------+-----+--------+

Top non-repeatable levels by time:
     D:8: 2730 daAuts
     D:4: 1675 daAuts
     D:6: 1553 daAuts
    D:10: 1552 daAuts
     D:2: 1348 daAuts
     D:9: 1315 daAuts
     D:5: 1233 daAuts
  Lair:1: 1025 daAuts
     D:3: 939 daAuts
     D:7: 838 daAuts
     D:1: 712 daAuts
  Temple: 199 daAuts
